Map: [ESL] Oceanborn

Players

trigger - Winner!

  • Race: Protoss Protoss
  • Spawn Location: 5:00

SpeCial

  • Race: Terran Terran
  • Spawn Location: 11:00

Event: ESL SC2 Masters 2023 Winter (Regional)

VOD

Have the link to the VOD?

Description

Time

  • Played on: Nov. 12, 2023, 2:37 p.m.
  • Length: 10:50

All games in this series

Show
View Real Time Build Order
Export as new Build Order

trigger Protoss - Winner!

Build Orders: 1 Gate Expand, Zealot Archon 

Get SALT Encoding   

  12  0:00  Probe  
  13  0:12  Probe  
  14  0:16  Pylon  
  14  0:24  Probe (Chrono Boost)  
  16  0:36  Gateway, Probe (Chrono Boost)  
  16  0:42  Probe (Chrono Boost)  
  16  0:45  Assimilator  
  17  0:51  Probe  
  18  1:03  Probe  
  19  1:15  Probe  
  20  1:23  Cybernetics Core  
  20  1:33  Nexus  
  20  1:36  Probe  
  21  1:45  Pylon  
  21  1:50  Assimilator  
  21  1:52  Probe  
  22  2:00  Adept (Chrono Boost)  
  22  2:04  Probe  
  25  2:11  Warp Gate  
  25  2:16  Probe  
  25  2:20  Stalker (Chrono Boost)  
  26  2:28  Probe  
  29  2:40  Probe  
  29  2:48  Probe  
  30  2:53  Robotics Facility, Probe  
  30  2:55  Gateway  
  31  3:00  Probe  
  31  3:03  Stalker  
  34  3:05  Probe  
  34  3:12  Probe (Chrono Boost)  
  36  3:18  Probe (Chrono Boost)  
  37  3:22  Twilight Council  
  37  3:24  Probe (Chrono Boost)  
  38  3:29  Probe (Chrono Boost)  
  38  3:32  Pylon, Probe (Chrono Boost)  
  40  3:34  Probe (Chrono Boost)  
  40  3:39  Probe  
  42  3:42  Observer  
  42  3:44  Probe  
  44  3:50  Assimilator  
  44  3:51  Probe  
  44  3:52  Assimilator  
  45  3:57  Probe  
  45  4:00  Stalker x2  
  50  4:03  Probe  
  50  4:05  Pylon  
  50  4:09  Probe  
  52  4:15  Probe  
  53  4:19  Observer  
  53  4:23  Stalker x2, Probe  
  59  4:31  Probe  
  60  4:34  Blink (Chrono Boost)  
  60  4:35  Probe  
  60  4:37  Pylon  
  61  4:43  Nexus  
  61  4:47  Pylon  
  61  4:49  Probe  
  62  4:55  Templar Archives, Probe  
  63  5:00  Pylon  
  63  5:03  Gateway  
  61  5:07  Gateway  
  61  5:09  Probe  
  61  5:13  Probe  
  63  5:17  Stalker  
  63  5:19  Stalker  
  66  5:29  Shield Battery  
  66  5:31  Shield Battery  
  66  5:32  Immortal (Chrono Boost)  
  70  5:41  High Templar  
  72  5:43  Probe x2 (Chrono Boost)  
  72  5:44  High Templar  
  72  5:48  Archon  
  76  5:55  Probe (Chrono Boost)  
  77  6:01  Probe x2 (Chrono Boost), Immortal (Chrono Boost), Forge  
  82  6:04  Probe (Chrono Boost)  
  82  6:10  Probe x2 (Chrono Boost)  
  84  6:14  Gateway  
  84  6:15  Psionic Storm, Probe (Chrono Boost)  
  84  6:16  Gateway  
  85  6:20  Charge  
  85  6:23  Probe (Chrono Boost)  
  85  6:24  Probe x2 (Chrono Boost)  
  88  6:32  Protoss Ground Weapons Level 1 (Chrono Boost), Probe  
  87  6:34  Probe x2  
  87  6:35  Assimilator  
  89  6:40  Gateway  
  89  6:42  Gateway  
  89  6:47  Gateway  
  89  6:48  Gateway, High Templar  
  89  6:52  Pylon  
  91  6:59  Zealot, High Templar  
  91  7:00  Zealot  
  97  7:03  Probe x3  
  97  7:07  Warp Prism (Chrono Boost)  
  97  7:15  Probe x3  
  99  7:18  High Templar  
  99  7:19  Zealot x2  
  104  7:27  Probe, Pylon  
  104  7:28  High Templar  
  109  7:32  Pylon  
  109  7:34  Zealot, Pylon  
  109  7:38  Photon Cannon  
  109  7:39  Photon Cannon  
  109  7:51  Zealot x6  
  111  7:54  Zealot  
  121  8:05  Stalker x3  
  125  8:13  Stalker x4  
  125  8:18  Pylon  
  125  8:19  Pylon  
  133  8:32  Pylon  
  133  8:33  Warp Prism (Chrono Boost)  
  133  8:34  Pylon  
  133  8:35  Pylon  
  133  8:37  High Templar x2, Pylon  
  133  8:38  Zealot  
  141  8:42  Archon  
  141  8:43  Zealot x2  
  141  8:47  Zealot  
  133  8:58  High Templar  
  113  9:03  Zealot x3  
  113  9:04  Zealot x2  
  113  9:07  Archon  
  123  9:10  Zealot x4  
  123  9:12  Immortal (Chrono Boost)  
  131  9:23  High Templar  
  131  9:24  High Templar, Zealot x3  
  141  9:34  High Templar  
  141  9:38  Zealot x3  
  127  9:46  Zealot x4  
  116  9:58  Stalker x2  
  117  10:05  Zealot  
  117  10:06  Zealot x2  
  118  10:07  High Templar x2  
  118  10:08  Zealot x2  
  118  10:11  Archon  
  118  10:13  Zealot  
  128  10:28  Zealot x2  
  128  10:32  High Templar x2, Zealot x3  
  104  10:43  Zealot x3  
Show
View Real Time Build Order
Export as new Build Order

SpeCial Terran 

Build Orders: Cyclone Opening 

Get SALT Encoding   

  12  0:00  SCV  
  13  0:12  SCV  
  14  0:17  Supply Depot  
  14  0:24  SCV  
  15  0:38  SCV  
  15  0:40  Barracks  
  16  0:44  Refinery  
  16  0:50  SCV  
  16  0:53  Refinery  
  17  1:03  SCV  
  18  1:13  Engineering Bay  
  18  1:15  SCV  
  18  1:29  Orbital Command, Reaper  
  19  1:41  Factory  
  19  1:49  Supply Depot  
  19  1:55  SCV  
  20  2:01  Barracks Reactor  
  20  2:07  SCV  
  21  2:19  SCV  
  22  2:30  Command Center  
  22  2:31  SCV  
  23  2:44  Cyclone  
  23  2:46  Widow Mine  
  23  2:47  SCV  
  27  2:53  Starport  
  27  2:59  SCV  
  27  3:01  Supply Depot  
  28  3:11  SCV  
  29  3:14  Widow Mine  
  29  3:15  Barracks Tech Lab  
  31  3:23  Widow Mine  
  31  3:25  SCV  
  34  3:30  Medivac  
  36  3:37  SCV  
  36  3:38  Cyclone  
  39  3:45  Widow Mine  
  41  3:49  SCV  
  41  3:52  Marine  
  43  4:01  SCV  
  44  4:03  Liberator  
  44  4:05  Orbital Command  
  47  4:13  SCV  
  48  4:23  Bunker, Marine, Supply Depot  
  48  4:24  Marine  
  50  4:25  SCV  
  50  4:28  Siege Tank  
  46  4:33  SCV  
  46  4:37  SCV  
  48  4:41  Marine x2  
  48  4:45  SCV  
  51  4:48  Starport Tech Lab  
  51  4:49  SCV  
  51  4:56  Barracks  
  51  4:57  SCV  
  51  4:59  Marine x2  
  54  5:00  Barracks  
  54  5:01  SCV  
  54  5:03  Supply Depot  
  54  5:04  Siege Tank  
  56  5:09  SCV  
  56  5:14  SCV  
  58  5:17  Marine x2  
  58  5:18  Raven  
  62  5:25  SCV  
  62  5:26  SCV  
  62  5:27  Supply Depot  
  64  5:28  Refinery  
  64  5:29  Engineering Bay  
  64  5:35  Marine x2  
  66  5:37  Supply Depot, SCV  
  66  5:38  SCV  
  68  5:47  Factory Tech Lab  
  68  5:49  SCV  
  69  5:50  SCV  
  69  5:53  Marine x2  
  69  5:56  Stimpack, Marine  
  73  6:02  Starport Reactor  
  73  6:04  Terran Infantry Weapons Level 1, Refinery  
  75  6:05  Marine  
  75  6:10  Marine x2  
  76  6:11  Barracks  
  76  6:12  Barracks  
  76  6:13  Supply Depot  
  76  6:19  Siege Tank  
  76  6:21  SCV x2  
  80  6:31  Marine x2  
  80  6:32  Marauder x2  
  86  6:36  SCV  
  88  6:41  Medivac  
  88  6:45  Supply Depot  
  90  6:47  Supply Depot  
  90  6:49  Medivac, Marine x2  
  90  6:52  Supply Depot  
  90  6:53  Marine  
  94  7:07  Siege Tank, Marine x3  
  100  7:10  Supply Depot, Marine x2  
  100  7:11  Supply Depot, Marine  
  100  7:14  Medivac  
  105  7:19  Medivac  
  105  7:22  Supply Depot  
  104  7:25  Marine x3  
  104  7:27  Marine  
  104  7:28  Marine  
  110  7:32  Combat Shield  
  110  7:35  Concussive Shells  
  110  7:40  Marauder  
  110  7:42  Marine x2, Supply Depot  
  110  7:43  Marauder  
  115  7:45  Marine x2  
  117  7:54  Siege Tank  
  119  7:59  Medivac  
  119  8:00  Marine x2  
  119  8:01  Marine  
  119  8:03  Marine x2  
  119  8:04  Marine  
  119  8:06  Medivac  
  121  8:18  Marine x3  
  124  8:21  Marine x2  
  124  8:22  Marauder  
  128  8:31  Siege Tank  
  131  8:36  Marine x3  
  131  8:39  Marine x2  
  136  8:44  Marauder  
  136  8:48  Supply Depot  
  136  8:49  Liberator  
  136  8:50  Liberator  
  136  8:54  Marine x2  
  142  9:01  Marine  
  142  9:02  Marauder  
  126  9:06  Marauder, Marine  
  126  9:11  Marine x2  
  126  9:14  Siege Tank  
  131  9:19  Marine  
  131  9:23  Marine  
  131  9:24  Marine  
  133  9:27  Marine  
  133  9:29  Marine x2  
  137  9:37  Marine  
  137  9:41  Marine  
  137  9:42  Marine  
  129  9:47  Marine  
  114  9:53  Marine x2  
  114  9:56  Marine  
  114  9:58  Marine  
  114  9:59  Marine  
  111  10:04  Marine  
  110  10:11  Marine  
  110  10:13  Siege Tank  
  114  10:15  Marine  
  113  10:30  Marine x4  
Tags
 
Add a new tag
Caveats
  • Supply blocks, unpowered buildings, or Contaminate may cause inaccurate times.
  • Supply counts are checked every 10 seconds.